 Dungeon Crawl Stone Soup version 0.29.1-12-g30fa7ad0bf (webtiles) character file.

Game seed: 5426719519757322624

3737 Radix the Thaumaturge (level 9, -1/45 HPs)
             Began as a Deep Elf Earth Elementalist on Dec 23, 2022.
             Was a Follower of Vehumet.
             Succumbed to a killer bee's poison
             ... on level 8 of the Dungeon.
             The game lasted 00:45:39 (7572 turns).

Radix the Thaumaturge (Deep Elf Earth Elementalist) Turns: 7572, Time: 00:45:39

Health: -1/45      AC:  6    Str:  5    XL:     9   Next: 93%
Magic:  25/27      EV: 12    Int: 25    God:    Vehumet [*.....]
Gold:   573        SH:  0    Dex: 15    Spells: 19/32 levels left

rFire   . . .      SeeInvis .   E - +0 dagger (freeze)
rCold   . . .      Faith    .   (no shield)
rNeg    . . .      Spirit   .   r - +0 robe {Will+}
rPois   .          Reflect  .   f - +0 helmet
rElec   .          Harm     .   j - +0 cloak
rCorr   .          Rampage  .   t - +0 pair of gloves
Will    +....                   z - +0 pair of boots
Stlth   ++........              (no amulet)
HPRegen 0.15/turn               A - ring of wizardry
MPRegen 0.20/turn               B - ring of wizardry

@: lethally poisoned (-1 -> -21), hasted, very quick
A: no striking features
a: Renounce Religion


You were on level 8 of the Dungeon.
You worshipped Vehumet.
Vehumet was aware of your devotion.
You visited 2 branches of the dungeon, and saw 9 of its levels.

You collected 573 gold pieces.

Inventory:

Hand Weapons
 v - the +3 dagger "Gonelom" {vorpal, Drain rCorr MP-9 Int+7}
   (You found it on level 3 of the Dungeon)

   It inflicts extra damage upon your enemies.
   Int:       It affects your intelligence (+7).
   MP:        It affects your magic capacity (-9).
   rCorr:     It protects you from acid and corrosion.
   Drain:     It drains your maximum health when unequipped.
 E - a +0 dagger of freezing (weapon)
 L - a +4 flail of venom
Missiles
 i - a throwing net
Armour
 a - a +0 robe
 f - a +0 helmet (worn)
 j - a +0 cloak (worn)
 r - a +0 robe of willpower (worn)
 t - a +0 pair of gloves (worn)
 z - a +0 pair of boots (worn)
 G - a +0 helmet
Jewellery
 u - an amulet of faith
 w - a ring of willpower
 A - a ring of wizardry (left hand)
 B - a ring of wizardry (right hand)
 I - a +6 ring of strength
Wands
 c - a wand of roots (4)
 p - a wand of flame (6)
 y - a wand of digging (3)
Scrolls
 e - 2 scrolls of noise {unknown}
 l - a scroll of poison {unknown}
 o - 3 scrolls of magic mapping {unknown}
 s - 10 scrolls of identify
 D - 3 scrolls of teleportation {unknown}
 F - a scroll of amnesia {unknown}
 J - a scroll of blinking {unknown}
 K - a scroll of enchant weapon {unknown}
 M - a scroll of summoning {unknown}
 N - a scroll of enchant armour {unknown}
 P - a scroll of fear {unknown}
 Q - a scroll of fog {unknown}
Potions
 b - a potion of magic
 d - 3 potions of berserk rage
 g - a potion of heal wounds {unknown}
 h - 2 potions of cancellation {unknown}
 k - 3 potions of haste
 m - a potion of mutation {unknown}
 n - a potion of resistance {unknown}
 q - a potion of lignification {unknown}
 x - 2 potions of flight {unknown}
 C - a potion of curing {unknown}
 H - 2 potions of degeneration {unknown}
 O - a potion of ambrosia {unknown}
 R - a potion of might {unknown}


   Skills:
 - Level 2.4 Dodging
 - Level 2.4 Stealth
 + Level 12.0 Spellcasting
 - Level 6.0 Conjurations
 + Level 7.1 Summonings
 - Level 1.1 Transmutations
 - Level 8.2 Earth Magic


You had 19 spell levels left.
You knew the following spells:

 Your Spells              Type           Power      Damage    Failure   Level
a - Sandblast             Erth           100%       2d20      1%          1
b - Stone Arrow           Conj/Erth      100%       3d13      1%          3
c - Summon Mana Viper     Hex/Summ       33%        N/A       7%          5
d - Summon Lightning Spi  Summ/Air       33%        N/A       2%          4

Your spell library contained the following spells:

 Spells                   Type           Power      Damage    Failure   Level
 Foxfire                  Conj/Fire      100%       2x1d9     1%          1
 Ensorcelled Hibernation  Hex/Ice        30%        N/A       1%          2
 Passwall                 Tmut/Erth      31%        N/A       1%          2
 Dazzling Flash           Conj/Hex       60%        N/A       1%          3
 Petrify                  Tmut/Erth      38%        N/A       1%          4
 Spider Form              Tmut/Pois      17%        N/A       2%          3
 Iskenderun's Mystic Bla  Conj/Tloc      30%        2d8       3%          4
 Summon Forest            Summ/Tloc      16%        N/A       7%          5
 Lightning Bolt           Conj/Air       15%        1d29      9%          5
 Summon Cactus Giant      Summ           25%        N/A       9%          6
 Airstrike                Air            7%         2d(2-18)  11%         4
 Anguish                  Hex/Necr       7%         N/A       11%         4
 Starburst                Conj/Fire      15%        6d6       41%         6


Dungeon Overview and Level Annotations

Branches:
Dungeon (8/15)             Temple (1/1) D:4
   Lair: D:8-11

Altars:
Ashenzari
Cheibriados
Dithmenos
Fedhas
Hepliaklqana
Kikubaaqudgha
Makhleb
Nemelex Xobeh
Okawaru
Qazlal
Ru
Sif Muna
Trog
Uskayaw
Vehumet
Xom
Yredelemnul

Annotations:
D:7 2 transporters, fantasyman's ghost, novice MiFi


Message History

You feel your power returning.
The orc shouts!
The killer bee buzzes angrily.
Aiming: Sandblast (safe; 1% risk of failure)
Press: ? - help, Q - select action, (/) - cycle Shift-Dir - straight line, f - killer bee
Aim: a killer bee (70% to hit)
The blast of sand misses the killer bee.
The blast of sand hits the killer bee!
The killer bee is almost dead.
The killer bee stings you.
You are poisoned.
The killer bee poisons you! The killer bee misses you.
An orc priest comes into view. It is wielding a +0 club.
The killer bee stings you.
You are more poisoned.
The killer bee poisons you! The killer bee stings you.
Aiming: Sandblast (safe; 1% risk of failure)
Press: ? - help, Q - select action, (/) - cycle Shift-Dir - straight line, f/p - killer bee
Aim: a killer bee (70% to hit)
The blast of sand misses the killer bee.
You feel very sick. The killer bee stings you!
You are more poisoned.
The killer bee poisons you! The killer bee stings you.
You are more poisoned.
The killer bee poisons you! The killer bee stings you. x2
* * * LOW HITPOINT WARNING * * *
The killer bee stings you.
* * * LOW HITPOINT WARNING * * *
The killer bee closely misses you.
Okay, then.
As you read the scroll labelled VESUDDUNUS, it crumbles to dust.
It is a scroll of identify.
d - 3 potions of berserk rage
* * * LOW HITPOINT WARNING * * *
You feel very sick. The killer bee closely misses you.
The killer bee barely misses you.
The orc throws a boomerang.
The boomerang misses you. The killer bee barely misses you.
The killer bee closely misses you.
It was a potion of haste.
You feel yourself speed up.
You die...

...... ....... #.#....
## .... #.o...#####.
..... #...o..##.. ....
##.o..##.# ...
#.#....yy#.# ##.##
#......@...###...#### ..
...........#...####.##..
#..####.............#...
# ####..............
#..#...........
#...(#...........
...###..#......... ....
#.##......... #.#
#............


You could see an orc warrior, 2 killer bees, an orc priest and an orc.

Vanquished Creatures
  Joseph (D:7)
  A troll (D:6)
  Grinder (D:4)
  Sigmund (D:4)
  A vampire (D:6)
  Edmund (D:5)
  A water moccasin (D:8)
  A sky beast (D:7)
  3 ice beasts
  3 kobold brigands
  2 bullfrogs (D:7)
  2 necrophages
  4 scorpions
  A killer bee (D:8)
  2 howler monkeys
  4 jellies
  4 orc priests
  A hound (D:5)
  Jessica (D:2)
  Natasha (twice) (D:4)
  3 iguanas
  2 orc wizards
  3 gnolls (D:7)
  3 adders
  2 ufetubi
  A worm (D:4)
  2 dart slugs
  26 orcs
  4 bats
  4 endoplasms
  2 giant cockroaches
  10 goblins
  13 hobgoblins
  21 kobolds
  4 quokkas
  10 ball pythons
  2 frilled lizards
  7 rats
156 creatures vanquished.

Vanquished Creatures (collateral kills)
  A two-headed ogre (D:7)
  An orc wizard (D:7)
2 creatures vanquished.

Vanquished Creatures (others)
  A wizard (D:5)
  70 plants (D:1)
71 creatures vanquished.

Grand Total: 229 creatures vanquished

Notes
Turn   | Place    | Note
-------+----------+-------------------------------------------
     0 | D:1      | Radix the Deep Elf Earth Elementalist began the quest for
                  | the Orb.
     0 | D:1      | Reached XP level 1. HP: 10/10 MP: 6/6
   239 | D:1      | Reached XP level 2. HP: 15/15 MP: 2/8
   635 | D:1      | Reached skill level 4 in Spellcasting
   677 | D:1      | Found a faded altar of an unknown god.
   721 | D:1      | Reached XP level 3. HP: 19/19 MP: 8/10
  1191 | D:2      | Noticed Jessica
  1192 | D:2      | Killed Jessica
  1250 | D:2      | Reached XP level 4. HP: 24/24 MP: 10/12
  1252 | D:2      | Reached skill level 5 in Spellcasting
  1752 | D:3      | Identified the +3 dagger "Gonelom" {vorpal, Drain rCorr
                  | MP-9 Int+7}
  2046 | D:3      | Reached skill level 5 in Earth Magic
  2046 | D:3      | Reached XP level 5. HP: 4/26 MP: 9/14
  2512 | D:3      | Learned a level 3 spell: Stone Arrow
  2837 | D:4      | Noticed Grinder
  2854 | D:4      | Killed Grinder
  2855 | D:4      | Reached skill level 6 in Spellcasting
  2855 | D:4      | Reached XP level 6. HP: 20/32 MP: 10/17
  2993 | D:4      | Found a broken altar of Ashenzari.
  3010 | D:4      | Found a staircase to the Ecumenical Temple.
  3016 | Temple   | Entered the Ecumenical Temple
  3016 | Temple   | Found a transporter.
  3016 | Temple   | Found a transporter.
  3018 | Temple   | Found a transporter.
  3018 | Temple   | Found a transporter.
  3302 | D:4      | Reached skill level 7 in Spellcasting
  3302 | D:4      | Reached XP level 7. HP: 32/36 MP: 3/19
  3889 | D:4      | Noticed Natasha
  3893 | D:4      | Killed Natasha
  3965 | D:4      | Noticed Sigmund
  3967 | D:4      | Killed Sigmund
  4100 | D:4      | Found a burning altar of Makhleb.
  4237 | D:4      | Found an iron altar of Okawaru.
  4240 | D:4      | Found a radiant altar of Vehumet.
  4308 | D:5      | Entered Level 5 of the Dungeon
  4496 | D:5      | Reached skill level 8 in Spellcasting
  4610 | D:5      | Noticed Edmund
  4616 | D:5      | Killed Edmund
  4617 | D:5      | Reached XP level 8. HP: 36/41 MP: 5/22
  4755 | D:5      | Found a bloodstained altar of Trog.
  4757 | D:5      | Noticed a wizard
  4762 | D:5      | Killed a wizard
  5006 | D:5      | Reached skill level 1 in Summonings
  5124 | D:5      | Found a hide-covered altar of Uskayaw.
  5142 | D:5      | Reached skill level 5 in Conjurations
  5435 | D:4      | Noticed Natasha
  5441 | D:4      | Killed Natasha
  5674 | D:4      | Became a worshipper of Vehumet
  5759 | D:6      | Noticed a troll
  5764 | D:6      | Killed a troll
  5765 | D:6      | Reached skill level 9 in Spellcasting
  5988 | D:6      | Reached XP level 9. HP: 45/45 MP: 20/24
  6452 | D:7      | Found a transporter.
  6466 | D:7      | Found a transporter.
  6493 | D:7      | Noticed Joseph
  6496 | D:7      | Reached * piety under Vehumet
  6496 | D:7      | Offered knowledge of Foxfire by Vehumet.
  6504 | D:7      | Killed Joseph
  6505 | D:7      | Reached skill level 10 in Spellcasting
  6505 | D:7      | Reached skill level 5 in Summonings
  6707 | D:7      | Learned a level 5 spell: Summon Mana Viper
  6712 | D:7      | Learned a level 4 spell: Summon Lightning Spire
  6802 | D:7      | Noticed a two-headed ogre
  6810 | D:7      | Killed a two-headed ogre
  6811 | D:7      | Reached skill level 11 in Spellcasting
  7013 | D:7      | Noticed fantasyman's ghost (novice MiFi)
  7339 | D:8      | Reached skill level 12 in Spellcasting
  7572 | D:8      | Succumbed to a killer bee's poison

Illustrated notes

Levels and vault maps discovered:
D:1:      roderic_crop_circles_arrival_small, layout_loops_corners,
          hellmonk_ecumenical_altar_lost_god, minmay_misc_feat_iff
D:2:      layout_basic, hangedman_abyss_or_decor_stabs,
          hangedman_abyss_or_decor_lesser_grid, uniq_jessica
D:3:      kennysheep_the_goblin_king, layout_rooms
D:4:      cheibrodos_thug_alley, layout_loops_corners,
          nicolae_overflow_hidden_temple, lightli_temple_of_fire,
          nicolae_ashenzari_panopticon, temple_statues, uniq_grinder,
          uniq_natasha, uniq_sigmund
D:5:      layout_basic, trog_wizard, nicolae_uskayaw_murder_on_the_dancefloor,
          uniq_edmund
D:6:      layout_cave_pools
D:7:      layout_cave_pools, gammafunk_ghost_stat_death, minmay_misc_feat_room,
          kennysheep_big_empty_room, uniq_joseph
D:8:      layout_cave_pools, mainiacjoe_overflow_big_doors, erik_lair_dragon,
          special_room [special_room_orc], gammafunk_ghost_wrathful_warriors,
          david_defended_altar_orc
Temple:   hellmonk_temple_divided_pantheon

Skill      XL: |  1  2  3  4  5  6  7  8  9 |
---------------+----------------------------+-----
Spellcasting   | 4 5 6 7 8 9 12 | 12.0
Earth Magic    | 4 5 6 7 8 |  8.2
Conjurations   | 2 4 6 |  6.0
Summonings     | 3 7 |  7.1
Dodging        | |  2.4
Stealth        | |  2.4
Transmutations | |  1.1

Action                   |  1- 3 |  4- 6 |  7- 9 || total
-------------------------+-------+-------+-------++-------
 Cast: Sandblast         |    38 |    67 |    73 ||   178
       Stone Arrow       |       |     4 |    41 ||    45
       Summon Mana Viper |       |       |     3 ||     3
  Use: Scroll            |       |       |     1 ||     1
       Potion            |       |       |     1 ||     1
Armor: Robe              |       |     4 |     8 ||    12
Dodge: Dodged            |     3 |    14 |    25 ||    42
